 Dungeon Crawl Stone Soup version 0.27.1-33-g824d729ab1 (webtiles) character file.

Game seed: 762463248807988529

25 Electrofox the Gusty (level 2, 0/20 HPs)
             Began as a Draconian Air Elementalist on Dec 2, 2021.
             Slain by Terence (8 damage)
             ... on level 2 of the Dungeon.
             The game lasted 00:06:14 (1345 turns).

Electrofox the Gusty (Draconian Air Elementalist)   Turns: 1345, Time: 00:06:16

Health: 0/20       AC:  5    Str: 10    XL:     2   Next: 82%
Magic:  1/5        EV: 12    Int: 15    God:
Gold:   48         SH:  0    Dex: 11    Spells: 2/5 levels left

rFire    . . .     SeeInvis .   b - +0 short sword
rCold    . . .     Faith    .   (no shield)
rNeg     . . .     Spirit   .   (armour unavailable)
rPois    .         Reflect  .   (helmet restricted)
rElec    .         Harm     .   (no cloak)
rCorr    .         Rampage  .   (no gloves)
Will     .....                  e - +0 pair of boots
Stlth    ++........             (no amulet)
HPRegen  0.06/turn              (no ring)
MPRegen  0.09/turn              (no ring)

@: no status effects
A: AC +4, unfitting armour, cold-blooded
a: no special abilities


You were on level 2 of the Dungeon.
You visited 1 branch of the dungeon, and saw 2 of its levels.

You collected 48 gold pieces.

Inventory:

Hand Weapons
 b - a +0 short sword (weapon)
Armour
 e - a +0 pair of boots (worn)
Scrolls
 a - a scroll of noise {unknown}
 d - a scroll of identify {unknown}
Potions
 c - a potion of heal wounds {unknown}


   Skills:
 - Level 1.7 Dodging
 - Level 1.7 Stealth
 + Level 2.3 Spellcasting
 - Level 1.0 Conjurations
 * Level 3.8 Air Magic


You had 2 spell levels left.
You knew the following spells:

 Your Spells              Type           Power      Damage    Failure   Level
a - Shock                 Conj/Air       36%        1d5       8%          1
b - Static Discharge      Conj/Air       9%         N/A       12%         2

Your spell library contained the following spells:

 Spells                   Type           Power      Damage    Failure   Level
 Swiftness                Air            13%        N/A       13%         3
 Airstrike                Air            6%         N/A       41%         4


Dungeon Overview and Level Annotations

Branches:
Dungeon (2/15)

Altars:

Shops:
D:2 *:

Annotations:
D:2 exclusion: adder, Terence


Innate Abilities, Weirdness & Mutations

Your plain brown scales are hard. (AC +4)
You cannot fit into any form of body armour.
You are cold-blooded and may be slowed by cold attacks.


Message History

Casting: Shock (safe; 8% risk of failure)
Confirm with . or Enter, or press ? or * to list all spells.
Aiming: Shock (safe; 8% risk of failure)
Press: ? - help, Shift-Dir - straight line The zap hits Terence.
Terence is lightly wounded.
The zap hits the goblin.
You kill the goblin!
Terence bares his teeth.
Terence barely misses you. Terence barely misses you.
The kobold hits you with a +0 short sword.
Casting: Shock (safe; 8% risk of failure)
Confirm with . or Enter, or press ? or * to list all spells.
You don't have enough magic to cast this spell.
Terence closely misses you.
The kobold throws a stone.
The stone closely misses you.
The kobold throws a stone.
The stone closely misses you.
Your magical contamination has completely faded away.
The kobold throws a stone.
The stone barely misses you.
There is a stone staircase leading down here.
Terence hits you but does no damage.
You see here a rat corpse.
Casting: Shock (safe; 8% risk of failure)
Confirm with . or Enter, or press ? or * to list all spells.
Aiming: Shock (safe; 8% risk of failure)
Press: ? - help, Shift-Dir - straight line, f - kobold
Aim: a kobold, wielding a +0 short sword, wearing a +0 ring mail and quivering stones (64% to hit)
The zap hits Terence but does no damage.
Terence is lightly wounded.
The zap hits the kobold but does no damage.
Terence hits you with a +0 trident!
Casting: Shock (safe; 8% risk of failure)
Confirm with . or Enter, or press ? or * to list all spells.
Terence is struck by an arc of lightning.
Terence is moderately wounded.
The kobold is struck by an arc of lightning!
You kill the kobold!
The lightning grounds out.
Terence hits you with a +0 trident!
You die...

#.8# #.# #.# #...#
#..###.# #.# #.###
#.∩....# #.# #.#
##.##### #.# #.#
#<# #.# #.# #.#
#.# #.# #8# #.#
#.# #.# ###.###.#
#@# #.......# #@#
#.....##### #)#
#..........
#.######..>.......
#...@K.†..........
##.###############
#...# #####.#
#...#.#


You could see Terence.

Vanquished Creatures
  3 ball pythons (D:1)
  3 endoplasms
  A giant cockroach (D:1)
  4 goblins
  A hobgoblin (D:1)
  5 kobolds
  2 bats
  2 frilled lizards (D:1)
  2 rats
23 creatures vanquished.

Notes
Turn   | Place    | Note
-------+----------+-------------------------------------------
     0 | D:1      | Electrofox the Draconian Air Elementalist began the quest
                  | for the Orb.
     0 | D:1      | Reached XP level 1. HP: 14/14 MP: 3/3
   553 | D:1      | Reached XP level 2. HP: 20/20 MP: 0/5
   654 | D:1      | Learned a level 2 spell: Static Discharge
   811 | D:1      | Found a faded altar of an unknown god.
  1226 | D:2      | Found Qoudest's General Store.
  1272 | D:2      | Found Cuikhlemo's Book Boutique.
  1303 | D:2      | Noticed Terence
  1345 | D:2      | Slain by Terence

Illustrated notes

Levels and vault maps discovered:
D:1:      minmay_arrival_stone_box, layout_loops_cross,
          shapermc_ecumenical_altar_notcrosses, minmay_domino_2
D:2:      layout_basic, serial_shops, shop, nicolae_shop_window_shopping,
          shop_statue, shop, shop, uniq_terence

Action                   || total
-------------------------++-------
Melee: Unarmed           ||     5
       Tailslap          ||     1
       Short sword       ||     6
 Cast: Shock             ||    39
       Static Discharge  ||     1
 Stab: Sleeping          ||     1
Armor: Skin              ||     9
Dodge: Dodged            ||    10
